 Dungeon Crawl Stone Soup version 0.23.2-30-g0e89c35 (webtiles) character file.

Game seed: 4636400750624801641

319 Fang the Skirmisher (level 6, -7/39 HPs)
             Began as a Gargoyle Berserker on June 14, 2019.
             Was a Believer of Trog.
             Killed by divine providence
             ... invoked by an orc priest
              (8 damage)
             ... on level 3 of the Dungeon.
             The game lasted 00:03:09 (2241 turns).

Fang the Skirmisher (Gargoyle Berserker)            Turns: 2241, Time: 00:03:09

Health: -7/39      AC:  6    Str: 23    XL:     6   Next: 45%
Magic:  6/6        EV: 12    Int:  7    God:    Trog [**....]
Gold:   123        SH:  0    Dex:  9    Spells: 5/5 levels left

rFire    . . .     SeeInvis .   a - +0 hand axe
rCold    . . .     Gourm    .   (no shield)
rNeg     + . .     Faith    .   b - +0 animal skin
rPois    ∞         Spirit   .   (no helmet)
rElec    +         Reflect  .   (no cloak)
rCorr    .         Harm     .   (no gloves)
MR       .....                  (no boots)
Stlth    +.........             (no amulet)
HPRegen  0.13/turn              (no ring)
MPRegen  0.10/turn              (no ring)

@: berserk cooldown, slowed, very slow
A: negative energy resistance 1, electricity resistance, unbreathing,
petrification resistance, rot immunity, AC +4
a: Berserk, Trog's Hand, Renounce Religion


You were on level 3 of the Dungeon.
You worshipped Trog.
Trog was pleased with you.
You were very hungry.

You visited 1 branch of the dungeon, and saw 3 of its levels.

You collected 123 gold pieces.

Inventory:

Hand Weapons
 a - a +0 hand axe (weapon)
Armour
 b - a +0 animal skin (worn)
Scrolls
 d - a scroll of blinking {unknown}
 g - 3 scrolls of identify {unknown}
 h - 3 scrolls of remove curse {unknown}
 k - a scroll of random uselessness {unknown}
 l - 2 scrolls of fear {unknown}
 m - 2 scrolls of amnesia {unknown}
 n - a scroll of teleportation {unknown}
Potions
 e - a potion of degeneration {unknown}
 i - a potion of lignification {unknown}
 j - 3 potions of curing {unknown}
 o - a potion of heal wounds {unknown}
Comestibles
 c - 7 rations
 f - 15 chunks of flesh


   Skills:
 + Level 4.7 Fighting
 + Level 3.9 Axes
 + Level 4.1 Armour
 + Level 3.0 Dodging


You had 5 spell levels left.
You didn't know any spells.
Your spell library was empty.

Dungeon Overview and Level Annotations

Branches:
Dungeon (3/15)

Altars:
Cheibriados


Innate Abilities, Weirdness & Mutations

You are resistant to torment.
Your stone body is resilient. (AC +4)
You are immune to poison.
You resist negative energy. (rN+)
You are resistant to electric shocks. (rElec)
You can survive without breathing.
You are immune to petrification.
You are immune to rotting.


Message History

You feel your anger nearly subside. The orc priest misses you.
You slash the orc priest!
The orc priest is severely wounded.
You hit the orc.
You kill the orc!
Trog accepts your kill.
The orc priest mumbles some strange prayers to Beogh against you.
You barely resist. You closely miss the orc priest.
The orc priest is severely wounded.
You are no longer berserk.
You are exhausted.
You feel yourself slow down.
You hit the orc priest.
The orc priest is almost dead.
You hit the kobold.
The orc priest invokes the aid of Beogh against you.
Beogh smites you!
You die...

#.....#
#.########
#############.##
#.......#......#
#.......#.######
#.......#.#
#...(...#.#
#......)#.######
#.....K)(......#
#####@o..........
#..w......###
#.........#
#.........#
#.........#
#.........#
###########


You could see a worm, an orc priest and a kobold.

Vanquished Creatures
  Sigmund (D:2)
  An orc wizard (D:3)
  A gnoll (D:1)
  5 adders (D:2)
  2 dart slugs
  7 orcs (D:3)
  4 bats
  4 giant cockroaches
  8 goblins
  6 hobgoblins
  2 jackals (D:3)
  4 kobolds
  2 quokkas (D:2)
  4 frilled lizards (D:1)
  6 rats
57 creatures vanquished.

Notes
Turn   | Place    | Note
-------+----------+-------------------------------------------
     0 | D:1      | Fang the Gargoyle Berserker began the quest for the Orb.
     0 | D:1      | Reached XP level 1. HP: 14/14 MP: 1/1
    27 | D:1      | Reached XP level 2. HP: 5/19 MP: 2/2
   423 | D:1      | Reached XP level 3. HP: 23/23 MP: 3/3
  1173 | D:2      | Found a snail-covered altar of Cheibriados.
  1397 | D:2      | Noticed Sigmund
  1411 | D:2      | Killed Sigmund
  1411 | D:2      | Reached XP level 4. HP: 30/30 MP: 4/4
  1411 | D:2      | Reached XP level 5. HP: 34/34 MP: 5/5
  1537 | D:2      | Reached XP level 6. HP: 36/39 MP: 6/6
  1769 | D:2      | Reached ** piety under Trog
  2236 | D:3      | HP: 1/58 [orc priest/divine providence (14)]
  2241 | D:3      | Killed from afar by an orc priest

Skill      XL: |  1  2  3  4  5  6 |
---------------+-------------------+-----
Axes           | 3 |  3.9
Dodging        | 2 3 |  3.0
Fighting       | 4 |  4.7
Armour         | 3 4 |  4.1

Action                   |  1- 3 |  4- 6 || total
-------------------------+-------+-------++-------
Melee: Hand axe          |   124 |    95 ||   219
Invok: Berserk           |     2 |     1 ||     3
 Stab: Sleeping          |     2 |       ||     2
  Eat: Chunk             |     3 |     3 ||     6
Armor: Animal skin       |    38 |    45 ||    83
Dodge: Dodged            |    73 |    74 ||   147
